 Dungeon Crawl Stone Soup version 0.29-a0-330-g52719c12eb (webtiles) character file.

Game seed: 3346713330499748181

38 kae the Firebug (level 3, -2/22 HPs)
             Began as an Octopode Fire Elementalist on Apr 18, 2022.
             Slain by a goblin
             ... wielding a +0 dagger
             ... led by Robin
              (3 damage)
             ... on level 2 of the Dungeon.
             The game lasted 00:00:35 (1514 turns).

kae the Firebug (Octopode Fire Elementalist)        Turns: 1514, Time: 00:00:35

Health: -2/22      AC:  1    Str:  7    XL:     3   Next: 43%
Magic:  2/6        EV: 13    Int: 19    God:
Gold:   28         SH:  0    Dex: 12    Spells: 0/6 levels left

rFire   . . .      SeeInvis .   c - +0 whip
rCold   . . .      Faith    .   (no shield)
rNeg    . . .      Spirit   .   (helmet restricted)
rPois   .          Reflect  .   (no amulet)
rElec   .          Harm     .   (no ring)
rCorr   .          Rampage  .   (no ring)
Will    .....                   (no ring)
Stlth   +++.......              (no ring)
HPRegen 0.07/turn               (no ring)
MPRegen 0.10/turn               (no ring)
                                (no ring)
                                (no ring)

@: no status effects
A: almost no armour, amphibious, 8 rings, camouflage 1, gelatinous body 1,
(nimble swimmer 1), tentacles
a: no special abilities


You were on level 2 of the Dungeon.
You visited 1 branch of the dungeon, and saw 2 of its levels.

You collected 28 gold pieces.

Inventory:

Hand Weapons
 c - a +0 whip (weapon)
Scrolls
 e - 2 scrolls of magic mapping
Potions
 a - a potion of magic
 b - a potion of ambrosia
 d - a potion of curing {unknown}


   Skills:
 + Level 0.9 Fighting
 + Level 2.3 Dodging
 + Level 3.0 Stealth
 + Level 2.2 Spellcasting
 + Level 1.3 Conjurations
 * Level 3.4 Fire Magic


You couldn't memorise any spells.
You knew the following spells:

 Your Spells              Type           Power      Damage    Failure   Level
a - Foxfire               Conj/Fire      44%        2x1d6     6%          1
b - Scorch                Fire           30%        2d7       6%          2
c - Conjure Flame         Conj/Fire      11%        6-21      19%         3

Your spell library contained the following spells:

 Spells                   Type           Power      Damage    Failure   Level
 Inner Flame              Hex/Fire       8%         N/A       24%         3
 Flame Wave               Conj/Fire      11%        2d5       52%         4


Dungeon Overview and Level Annotations

Branches:
Dungeon (2/15)

Altars:

Annotations:
D:2 Robin


Innate Abilities, Weirdness & Mutations

You cannot wear most types of armour.
You are amphibious.
You can wear up to eight rings at the same time.
Your skin changes colour to match your surroundings (Stealth+).
Your rubbery body absorbs attacks. (AC +1, EV +1)
((You are camouflaged when in or above water. (Stealth+)))
You have tentacles for arms and can constrict up to eight enemies at once.


Message History

The goblin attacks as you move away! The goblin closely misses you.
Casting: Foxfire (safe; 6% risk of failure)
Confirm with . or Enter, or press ? or * to list all spells.
You conjure some foxfire!
The goblin closely misses you.
The foxfire hits the goblin.
The goblin is heavily wounded.
The foxfire hits the hobgoblin.
The hobgoblin is moderately wounded.
The goblin barely misses you.
Casting: Foxfire (safe; 6% risk of failure)
Confirm with . or Enter, or press ? or * to list all spells.
You conjure some foxfire!
The goblin closely misses you. The hobgoblin hits you.
The foxfire hits the hobgoblin but does no damage.
The hobgoblin is moderately wounded.
The foxfire hits the hobgoblin but does no damage.
The hobgoblin is moderately wounded.
The goblin hits you with a +0 dagger. The hobgoblin hits you.
Casting: Foxfire (safe; 6% risk of failure)
Confirm with . or Enter, or press ? or * to list all spells.
You conjure some foxfire!
The goblin hits you with a +0 dagger. The hobgoblin completely misses you.
The foxfire hits the hobgoblin.
The hobgoblin is heavily wounded.
The foxfire hits the hobgoblin.
The hobgoblin is almost dead.
The goblin hits you with a +0 dagger.
* * * LOW HITPOINT WARNING * * *
The hobgoblin closely misses you.
Casting: Foxfire (safe; 6% risk of failure)
Confirm with . or Enter, or press ? or * to list all spells.
You conjure some foxfire!
The goblin hits you with a +0 dagger.
* * * LOW HITPOINT WARNING * * *
The hobgoblin closely misses you.
The foxfire hits the hobgoblin but does no damage.
The hobgoblin is almost dead.
The foxfire hits the hobgoblin.
You kill the hobgoblin!
The goblin hits you with a +0 dagger.
You die...

*,,,,,*#.#....##.#
,,,,***#.#..#.##.# *,***
#.#..#.##.# *,* #......)..# ,,*
####.#.#### *** #.#.###########
,,******###.....#.......#
*,*,,,.........g†.#####.#
,,,*,*####..#.#.@.#####.##*******
,,***,* #..#.....<..[....,*,,,,,
*,,*,** #..#.#...#####.##,*,****
,,*,** #........#####.#*,*,****
***,** ##.....#.......#*,,,,,,*
*,,,* #.#....########***,**,*
*,,,****##....#.### *,**,*
*,,,,,,,..........########*,,,,,
**,,,****#.......†)##.....#***,,,


You could see a goblin.

Vanquished Creatures
  2 dart slugs (D:1)
  3 endoplasms (D:1)
  2 giant cockroaches (D:1)
  3 goblins (D:1)
  7 hobgoblins
  2 jackals (D:1)
  5 kobolds
  2 quokkas (D:1)
  2 bats
  3 rats (D:1)
31 creatures vanquished.

Vanquished Creatures (collateral kills)
  2 foxfires (D:1)
2 creatures vanquished.

Vanquished Creatures (others)
  83 foxfires
83 creatures vanquished.

Grand Total: 116 creatures vanquished

Notes
Turn   | Place    | Note
-------+----------+-------------------------------------------
     0 | D:1      | kae the Octopode Fire Elementalist began the quest for the
                  | Orb.
     0 | D:1      | Reached XP level 1. HP: 11/11 MP: 3/3
    67 | D:1      | Reached XP level 2. HP: 10/17 MP: 0/5
   751 | D:1      | Reached XP level 3. HP: 22/22 MP: 3/6
   754 | D:1      | Learned a level 2 spell: Scorch
   758 | D:1      | Learned a level 3 spell: Conjure Flame
  1489 | D:2      | Noticed Robin
  1513 | D:2      | HP: 1/22 [goblin/+0 dagger[Robin] (3)]
  1514 | D:2      | Slain by a goblin

Illustrated notes

Levels and vault maps discovered:
D:1:      nzn_arrival_settlement, layout_loops_ring, serial_bayou_ford_a,
          st_stairs_11, minmay_misc_feat_five
D:2:      layout_loops_cross, minmay_tiny_reverse_x, uniq_robin

Skill      XL: |  1  2 |
---------------+-------+-----
Stealth        | 3 |  3.0
Fighting       | |  0.9
Dodging        | |  2.3
Spellcasting   | |  2.2
Conjurations   | |  1.3
Fire Magic     | |  3.4

Action                   || total
-------------------------++-------
Melee: Unarmed           ||     3
       Tentacles         ||     6
       Whip              ||    23
       Constrict         ||     5
       Punch             ||     1
 Cast: Foxfire           ||    52
  Use: Scroll            ||     3
 Stab: Sleeping          ||     2
Armor: Skin              ||     3
Dodge: Dodged            ||    52

Table legend: (Time is in decaauts)
 A = Elapsed time spent in this place.
 B = Non-inter-level travel time spent in this place.
 C = Inter-level travel time spent in this place.
 D = Time resting spent in this place.
 E = Time spent auto-exploring this place.
 F = Levels seen in this place.
 G = Mean time per level.
                   A        B        C        D        E       F      G
               +--------+--------+--------+--------+--------+-----+--------+
         Total |   1515 |   1494 |     21 |      4 |   1250 |   2 |  757.5 |
       Dungeon |   1515 |   1494 |     21 |      4 |   1250 |   2 |  757.5 |
               +--------+--------+--------+--------+--------+-----+--------+

Top non-repeatable levels by time:
     D:1: 1350 daAuts
     D:2: 164 daAuts
